 Dungeon Crawl Stone Soup version 0.20-a0-1065-g8446734 (webtiles) character file.

419 Lochraine the Cudgeler (level 6, -5/36 HPs)
             Began as a Gargoyle Earth Elementalist on Apr 28, 2017.
             Killed by divine providence
             ... invoked by an orc priest
              (12 damage)
             ... on level 5 of the Dungeon.
             The game lasted 00:06:18 (3640 turns).

Lochraine the Cudgeler (GrEE)                       Turns: 3640, Time: 00:06:19

Health: -5/36      AC: 21    Str: 19    XL:     6   Next: 93%
Magic:  9/9        EV:  7    Int: 16    God:
Gold:   132        SH:  4    Dex: 10    Spells: 8/9 levels left

rFire    . . .     SeeInvis .   v - +2 flail (protect)
rCold    . . .     Gourm    .   u - +0 buckler
rNeg     + . .     Faith    .   m - +0 chain mail
rPois    ∞         Spirit   .   (no helmet)
rElec    +         Reflect  .   (no cloak)
rCorr    +         Harm     .   (no gloves)
MR       .....                  i - +0 pair of boots
Stlth    ..........             (no amulet)
Regen    0.2/turn               f - +6 ring of strength
MPRegen  0.2/turn               s - ring of resist corrosion

@: protection aura
A: negative energy resistance 1, electricity resistance, unbreathing,
petrification resistance, rot immunity, AC +4
a: no special abilities


You were on level 5 of the Dungeon.
You were near starving.

You visited 1 branch of the dungeon, and saw 5 of its levels.

You collected 132 gold pieces.

Inventory:

Hand Weapons
 v - a +2 flail of protection (weapon)
Missiles
 b - 156 stones (quivered)
Armour
 c - a +0 robe
 i - a +0 pair of boots (worn)
 m - a +0 chain mail (worn)
 u - a +0 buckler (worn)
Jewellery
 f - a +6 ring of strength (left hand)
 s - a ring of resist corrosion (right hand)
Wands
 x - a wand of polymorph (3/24)
Scrolls
 g - a scroll of amnesia
 h - 2 scrolls of immolation
 j - 2 scrolls of remove curse
 o - 3 scrolls of teleportation
 q - 3 scrolls of identify
 t - a scroll of fear
Potions
 a - 2 potions of ambrosia
 l - 3 potions of curing
 p - a potion of mutation {unknown}
 r - 2 potions of lignification {unknown}
 w - a potion of haste {unknown}
Books
 e - a book of Geomancy

   Spells                             Type                      Level
   a - Sandblast                      Earth                        1
   b - Passwall                       Transmutation/Earth          2
   c - Stone Arrow                    Conjuration/Earth            3
   d - Petrify                        Transmutation/Earth          4
   e - Lee's Rapid Deconstruction     Earth                        5
Comestibles
 d - 3 bread rations
 k - 2 meat rations
 n - 3 royal jellies


   Skills:
 + Level 2.7 Fighting
 * Level 4.0 Maces & Flails
 + Level 2.9 Armour
 - Level 1.5 Dodging
 - Level 2.1 Stealth
 * Level 3.2 Shields
 - Level 2.1 Spellcasting
   Level 0.7 Transmutations
 - Level 3.9 Earth Magic


You had 8 spell levels left.
You knew the following spells:

 Your Spells              Type           Power        Failure   Level  Hunger
a - Sandblast             Erth           ##....       45%         1    #......


Dungeon Overview and Level Annotations

Branches:
Dungeon (5/15)
 Temple: D:4-7

Altars:
Fedhas
Uskayaw


Innate Abilities, Weirdness & Mutations

You are resistant to torment.
Your stone body is resilient. (AC +4)
You are immune to poison.
You resist negative energy. (rN+)
You are resistant to electric shocks. (rElec)
You can survive without breathing.
You are immune to petrification.
You are immune to rotting.


Message History

The orc hits you but does no damage.
The orc wizard looks satisfied for a moment.
The orc priest hits you but does no damage.
The orc hits you but does no damage.
You completely miss the orc priest.
The orc priest is almost dead.
The orc wizard hits you but does no damage.
The orc hits you but does no damage.
The orc priest calls down the wrath of Beogh upon you.
Pain shoots through your body!
* * * LOW HITPOINT WARNING * * *
The orc hits you but does no damage.
You closely miss the orc priest.
The orc priest is almost dead.
The orc wizard hits you with a dagger.
* * * LOW HITPOINT WARNING * * *
The orc hits you but does no damage.
The orc priest calls down the wrath of Beogh upon you.
Beogh smites you!
You die...

*,******,,,,,,,,,,,*,,,,,,,,
*,***#.........,,,,,,,,,,,,,
*,,,,+........**,..,,,,,,,,,
*****#..!.....,+...,,,,,,*,,
*.......###<.,,,,,,,*,*
*,#........#+**,,,,,*+*
**##+#........#,,,,,,,,,,,
*,....[.oo....###**,,,*,,,
*,......o@o...#.#,..,,*,,,
*,............#.##.##**,,,
*,...................,,,,,
*,............(......,,,,,
*,..................,,,,,,
*,......###.........,,,,,,
**##....* #....####,,,,,,*
#....###....###********
####..........$..#,,,,,,,,


You could see an orc priest, an orc wizard and 2 orcs.

Vanquished Creatures
  A crimson imp (D:5)
  2 orc priests
  A bullfrog skeleton (D:4)
  5 worker ants
  A hound skeleton (D:5)
  4 gnolls (D:4)
  4 adders
  2 worms (D:2)
  A dart slug (D:2)
  A leopard gecko (D:4)
  9 orcs
  5 bats
  8 giant cockroaches
  6 goblins
  6 hobgoblins
  A jackal (D:2)
  4 kobolds
  2 quokkas
  3 ball pythons
  9 frilled lizards
  5 rats
  A plant (D:3)
81 creatures vanquished.

Notes
Turn   | Place    | Note
-------+----------+-------------------------------------------
     0 | D:1      | Lochraine the Gargoyle Earth Elementalist began the quest for the Orb.
     0 | D:1      | Reached XP level 1. HP: 10/10 MP: 3/3
   368 | D:1      | Reached XP level 2. HP: 15/15 MP: 5/5
   560 | D:2      | Reached skill level 1 in Maces & Flails
   641 | D:2      | Reached skill level 1 in Armour
   641 | D:2      | Reached XP level 3. HP: 17/20 MP: 6/6
   885 | D:2      | Reached skill level 1 in Fighting
  1310 | D:2      | Reached XP level 4. HP: 22/25 MP: 7/7
  1376 | D:2      | Reached skill level 2 in Maces & Flails
  2089 | D:3      | Reached XP level 5. HP: 30/30 MP: 8/8
  2228 | D:3      | Reached skill level 3 in Maces & Flails
  2529 | D:4      | Reached skill level 1 in Shields
  2862 | D:4      | Reached XP level 6. HP: 35/35 MP: 9/9
  2971 | D:4      | Found a hide-covered altar of Uskayaw.
  3237 | D:4      | Found a blossoming altar of Fedhas.
  3535 | D:5      | Entered Level 5 of the Dungeon
  3592 | D:5      | Reached skill level 4 in Maces & Flails
  3640 | D:5      | Killed from afar by an orc priest

Vault maps used:
D:1:      dpeg_arrival_houses_and_road
D:2:      st_stairs_13
D:3:      serial_forest, infiniplex_forest_clump_medium,
          infiniplex_forest_zigzag_1, infiniplex_forest_lined_room_3,
          infiniplex_forest_corner_2, infiniplex_forest_split
D:4:      kennysheep_mini_moat, lemuel_crystal_altar, first_bread, minivault_25,
          minmay_bisected
D:5:      minmay_misc_feat_alley, minmay_gold_behind_fungi,
          nicolae_gozag_seed_capital

Skill      XL: |  1  2  3  4  5  6 |
---------------+-------------------+-----
Maces & Flails | 1 2 3 4 |  4.0
Armour         | 1 2 |  2.9
Fighting       | 1 2 |  2.7
Shields        | 1 3 |  3.2
Dodging        | |  1.5
Stealth        | |  2.1
Spellcasting   | |  2.1
Transmutations | |  0.7
Earth Magic    | |  3.9

Action                   |  1- 3 |  4- 6 || total
-------------------------+-------+-------++-------
Melee: Mace              |   159 |    74 ||   233
       Flail             |       |   182 ||   182
 Cast: Sandblast         |     3 |       ||     3
  Use: Potion            |     1 |       ||     1
       Scroll            |       |     8 ||     8
 Stab: Sleeping          |     1 |       ||     1
  Eat: Chunk             |     2 |     6 ||     8
Armor: Robe              |     5 |       ||     5
       Chain mail        |   186 |   190 ||   376
Dodge: Dodged            |    84 |    84 ||   168
Block: Buckler           |       |    43 ||    43
